AoeStats
← lamanito6

African Clearing

505687804Analyzed
3v3 RM · 22d ago on Sep 10, 2026· 22m 32s· 6 players
Game mode
Random Map
Map size
Normal (6 player)
Population
200
Speed
Normal
Resources
Standard
Victory
Conquest
Starting age
Dark Age
Ending age
Imperial Age
RankedLock teamsTeams togetherTeam positionsShared explorationLock speedFull tech treeHidden civsTurbo modeCheats
Victory
Defeat
🇦🇷 Huns · Argentina
1209
+14
🇨🇳 Mapuche · China
1178
+15
🇨🇳 Japanese · China
1138
+16
🇹🇼 Tupi · Taiwan
1163
-15
🇪🇸 Malians · Spain
1158
-15
🇲🇽 Mongols · Mexico
1145
-15
victor_mv7
2:50 Loom
13:42 Feudal Age
14:31 Double-Bit Axe
16:28 Horse Collar
17:10 Forging
17:57 Scale Barding Armor
23:49 Castle Age
lamanito6
4:05 Loom
15:09 Feudal Age
15:56 Horse Collar
16:02 Double-Bit Axe
18:56 Man-at-Arms
22:08 Forging
24:47 Castle Age
SASHIME
10:33 Loom
15:20 Feudal Age
19:53 Castle Age
elPreto
6:59 Loom
14:39 Feudal Age
18:37 Castle Age
16:28 Double-Bit Axe
16:38 Gold Mining
17:28 Scale Barding Armor
18:12 Bloodlines
19:03 Forging
20:46 Wheelbarrow
21:18 Husbandry
22:50 Chain Barding Armor
Altria Pendragon
14:33 Feudal Age
13:37 Loom
18:32 Castle Age
18:27 Bloodlines
19:19 Forging
19:15 Scale Barding Armor
绵绵
13:56 Feudal Age
12:33 Loom
14:20 Feudal Age
18:28 Castle Age
17:14 Double-Bit Axe
20:29 Horse Collar
Connection lost

Rejoining the realm…

Still unreachable

The connection could not be restored.

Session expired

The server has moved on; the page needs a fresh start.